 Dungeon Crawl Stone Soup version 0.21.1-1-g345015f (webtiles) character file.

340 inc the Conjurer (level 6, 26/26 HPs)
             Began as a Felid Air Elementalist on Mar 5, 2018.
             Was a Believer of Ashenzari.
             Quit the game on level 4 of the Dungeon.
             The game lasted 00:12:43 (7153 turns).

inc the Conjurer (Felid Air Elementalist)           Turns: 7153, Time: 00:12:44

Health: 26/26      AC:  2    Str:  4    XL:     6   Next: 30%
Magic:  14/14      EV: 18    Int: 18    God:    Ashenzari [**....]
Gold:   252        SH:  0    Dex: 20    Spells: 7/15 levels left
                                        Lives:  0   Deaths: 2

rFire    . . .     SeeInvis +   (weapon unavailable)
rCold    . . .     Gourm    .   (shield unavailable)
rNeg     . . .     Faith    .   (armour unavailable)
rPois    +         Spirit   .   (helmet unavailable)
rElec    .         Reflect  .   (cloak unavailable)
rCorr    .         Harm     .   (gloves unavailable)
MR       .....                  (boots unavailable)
Stlth    +++.......             (no amulet)
HPRegen  0.08/turn              t - ring of poison resistance (curse)
MPRegen  0.14/turn              n - +3 ring of dexterity

@: quick
A: very small, no armour, no weapons or thrown items, stealth, claws 1, fangs 3,
see invisible, carnivore, speed 1, shaggy fur 2, slow metabolism 1, sharp paws
a: Curse Item, Scrying, Renounce Religion


You were on level 4 of the Dungeon.
You worshipped Ashenzari.
Ashenzari was pleased with you.
You were not hungry.

You visited 2 branches of the dungeon, and saw 6 of its levels.

You collected 252 gold pieces.

Inventory:

Jewellery
 i - an uncursed ring of teleportation
 n - a +3 ring of dexterity (right paw)
 t - a cursed ring of poison resistance (left paw)
 u - an uncursed amulet of magic regeneration
Wands
 h - a wand of enslavement (14)
Scrolls
 d - a scroll of enchant weapon {unknown}
 f - a scroll of amnesia {unknown}
 g - 2 scrolls of teleportation
 m - a scroll of noise {unknown}
 o - 2 scrolls of fear {unknown}
 p - a scroll of fog {unknown}
 x - a scroll of magic mapping {unknown}
Potions
 c - 2 potions of brilliance
 e - a potion of might {unknown}
 j - 3 potions of curing
 k - 2 potions of lignification
 l - a potion of degeneration
 q - a potion of haste
 r - a potion of mutation {unknown}
 s - a potion of berserk rage
 v - a potion of invisibility {unknown}
 w - a potion of magic {unknown}
Books
 a - a book of Air

   Spells                             Type                      Level
   a - Shock                          Conjuration/Air              1
   b - Swiftness                      Charms/Air                   2
   c - Static Discharge               Conjuration/Air              3
   d - Airstrike                      Air                          4
   e - Lightning Bolt                 Conjuration/Air              5
Comestibles
 b - 7 rations


   Skills:
 - Level 2.0 Fighting
 - Level 2.6 Dodging
 - Level 2.6 Stealth
 - Level 5.1 Spellcasting
 - Level 6.2 Conjurations
 + Level 3.5 Air Magic


You had 7 spell levels left.
You knew the following spells:

 Your Spells              Type           Power        Failure   Level  Hunger
a - Shock                 Conj/Air       ###.         1%          1    None
b - Static Discharge      Conj/Air       ###.....     5%          3    ##.....
c - Airstrike             Air            ###.......   30%         4    ####...


Dungeon Overview and Level Annotations

Branches:
Dungeon (5/15)             Temple (1/1) D:4

Altars:
Ashenzari
Cheibriados
Dithmenos
Elyvilon
Fedhas
Gozag
Hepliaklqana
Makhleb
Nemelex Xobeh
Qazlal
Ru
Sif Muna
Trog
Uskayaw
Vehumet
Wu Jian
Xom
Yredelemnul
Zin
The Shining One

Shops:
D:5 *


Innate Abilities, Weirdness & Mutations

You cannot wear armour.
You are incapable of wielding weapons or throwing items.
Your paws allow you to move quietly. (Stealth)
You have sharp claws.
You have razor-sharp teeth.
You have supernaturally acute eyesight. (SInv)
You are carnivorous and can eat meat at any time.
You cover ground quickly.
You are covered in thick fur. (AC +2)
You have a slow metabolism.
Your sharp claws are effective at attacking unaware monsters.


Message History

You are very lightly contaminated with residual magic.
You hear a whooshing sound.
The hippogriff bites you. The hippogriff barely misses you.
The hippogriff closely misses you.
Casting: Static Discharge
Confirm with . or Enter, or press ? or * to list all spells.
The hippogriff is struck by lightning.
The hippogriff is heavily wounded.
The lightning arcs!
You are struck by lightning.
The lightning arcs!
The hippogriff is struck by lightning.
The hippogriff is severely wounded.
The lightning grounds out.
The hippogriff bites you!
* * * LOW HITPOINT WARNING * * *
The hippogriff pecks you!
You die...
The hippogriff claws you.
You are now level 6!
You rejoin the land of the living...
Found 15 sling bullets.
Found a stone staircase leading up.
Are you sure you want to abandon this character and quit the game? (Confirm with "yes".)

# ### .. ..#
#..####.#
#.......#.#
#.......#.#..
#......(#.#.#
# #@#.#.# .#
#.#.#.##.#
#.#.#.W..#
#.#.#....#
#.#>#....#
#.#......#
#.########
<..


There were no monsters in sight!

Vanquished Creatures
  The ghost of letownia2 the Destroyer, an amateur TeCj (D:4)
  2 water moccasins (D:5)
  An ice beast (D:5)
  A centaur (D:5)
  Blork the orc (D:4)
  A hound (D:4)
  Crazy Yiuf (D:3)
  An orc priest (D:3)
  3 orc wizards (D:4)
  Jessica (D:2)
  An iguana (D:5)
  2 worker ants
  4 gnolls (D:3)
  7 adders
  A worm (D:4)
  3 leopard geckos
  11 orcs
  3 ball pythons
  5 giant cockroaches
  4 goblins
  7 hobgoblins
  13 jackals
  2 quokkas
  A ball python skeleton (D:5)
  7 bats
  4 frilled lizards
  3 kobolds
  11 rats
102 creatures vanquished.

Notes
Turn   | Place    | Note
-------+----------+-------------------------------------------
     0 | D:1      | inc the Felid Air Elementalist began the quest for the Orb.
     0 | D:1      | Reached XP level 1. HP: 7/7 MP: 4/4
    38 | D:1      | Reached skill level 1 in Conjurations
   211 | D:1      | Reached XP level 2. HP: 11/11 MP: 4/6
   232 | D:1      | Reached skill level 2 in Conjurations
  1041 | D:2      | Noticed Jessica
  1044 | D:2      | Killed Jessica
  1044 | D:2      | Reached skill level 3 in Conjurations
  1044 | D:2      | Reached XP level 3. HP: 14/14 MP: 3/7
  1568 | D:2      | Reached XP level 4. HP: 18/18 MP: 1/8
  2293 | D:4      | Reached skill level 4 in Conjurations
  2398 | D:4      | Reached XP level 5. HP: 9/21 MP: 1/9
  3002 | D:4      | Found a staircase to the Ecumenical Temple.
  3012 | Temple   | Entered the Ecumenical Temple
  3090 | Temple   | Became a worshipper of Ashenzari the Shackled
  3109 | D:4      | Found a bloodstained altar of Trog.
  3111 | D:4      | Noticed Blork the orc
  3112 | D:4      | Found an opulent altar of Gozag.
  3113 | D:4      | Found a hide-covered altar of Uskayaw.
  3113 | D:4      | Found a sacrificial altar of Ru.
  3320 | D:3      | Reached skill level 5 in Conjurations
  3662 | D:3      | Reached * piety under Ashenzari
  4103 | D:3      | Gained mutation: You are covered in thick fur. (AC +2) [Felid growth]
  4103 | D:3      | Reached XP level 6. HP: 23/24 MP: 2/10
  4311 | D:3      | Found a runed door.
  4604 | D:3      | Noticed Crazy Yiuf
  4625 | D:3      | Killed Crazy Yiuf
  4844 | D:4      | Reached skill level 6 in Conjurations
  4955 | D:4      | Noticed a hippogriff
  5300 | D:4      | Killed Blork the orc
  5300 | D:4      | Reached skill level 1 in Fighting
  5321 | D:5      | Entered Level 5 of the Dungeon
  5772 | D:5      | Found Rujovan's Serpentskin Sales.
  5772 | D:5      | Noticed a water moccasin
  5772 | D:5      | Noticed a water moccasin
  5802 | D:5      | Killed a water moccasin
  5802 | D:5      | Reached XP level 7. HP: 22/30 MP: 4/12
  5812 | D:5      | HP: 2/45 [poisoned by a water moccasin]
  5814 | D:5      | Succumbed to a water moccasin's poison
  5815 | D:5      | Reached XP level 6. HP: 0/26 MP: 5/13
  6137 | D:5      | Found a radiant altar of Vehumet.
  6263 | D:5      | Found a white marble altar of Elyvilon.
  6325 | D:5      | Noticed an ice beast
  6353 | D:5      | Killed an ice beast
  6353 | D:5      | Reached skill level 5 in Spellcasting
  6353 | D:5      | Reached XP level 7. HP: 24/30 MP: 8/15
  6493 | D:4      | Noticed letownia2's ghost (amateur TeCj)
  6532 | D:4      | Reached ** piety under Ashenzari
  6738 | D:4      | Killed letownia2's ghost
  7103 | D:4      | Learned a level 3 spell: Static Discharge
  7108 | D:4      | Learned a level 4 spell: Airstrike
  7152 | D:4      | Slain by a hippogriff
  7153 | D:4      | Reached XP level 6. HP: 0/26 MP: 0/14
  7153 | D:4      | Quit the game

Skill      XL: |  1  2  3  4  5  6  7 |
---------------+----------------------+-----
Conjurations   | 1 3 4 5 6 |  6.2
Fighting       | 2 |  2.0
Spellcasting   | 5 4 |  5.1
Air Magic      | 3 |  3.5
Dodging        | |  2.6
Stealth        | |  2.6

Action                   |  1- 3 |  4- 6 |  7- 9 || total
-------------------------+-------+-------+-------++-------
Melee: Unarmed           |       |    12 |     9 ||    21
 Cast: Shock             |    53 |   224 |    21 ||   298
       Static Discharge  |       |       |     4 ||     4
Invok: Curse Item        |       |       |     1 ||     1
  Use: Scroll            |       |     8 |       ||     8
       Potion            |       |     3 |       ||     3
 Stab: Sleeping          |       |     1 |       ||     1
  Eat: Chunk             |     1 |    14 |     3 ||    18
Armor: Skin              |     2 |     1 |     2 ||     5
Dodge: Dodged            |    15 |    79 |    14 ||   108
